 Dungeon Sprint DCSS version 0.28-a0-79-g444c7a33f5 (webtiles) character file.

Game seed: 1535918176023503774

13316 Zeldest the Grappler (level 11, -6/119 HPs)
             Began as a Troll Fighter on Aug 2, 2021.
             Was the Champion of Cheibriados.
             Mangled by an orc knight (37 damage)
             ... in the Dungeon (Sprint IX: "|||||||||||||||||||||||||||||").
             The game lasted 00:05:39 (631 turns).

Zeldest the Grappler (Troll Fighter)                 Turns: 631, Time: 00:05:40

Health: -6/119     AC:  4    Str: 47    XL:     11   Next: 74%
Magic:  5/18       EV: 20    Int: 19    God:    Cheibriados [******]
Gold:   1281       SH: 16    Dex: 27    Spells: 10/10 levels left

rFire   . . .      SeeInvis .     - Unarmed
rCold   . . .      Faith    .   b - +0 kite shield
rNeg    . . .      Spirit   .   a - +0 robe
rPois   .          Reflect  .   (helmet restricted)
rElec   .          Harm     .   (no cloak)
rCorr   .          Rampage  .   (gloves unavailable)
Will    .....      NoTele   +   (boots unavailable)
Stlth   ++........              (no amulet)
HPRegen 1.29/turn               m - +3 ring of strength
MPRegen 0.16/turn               n - +3 ring of dexterity

@: very slow
A: large, unfitting armour, claws 3, regeneration 1, shaggy fur 1, tough skin 1
a: Renounce Religion, Bend Time, Temporal Distortion, Slouch, Step From Time


You were in the Dungeon.
You worshipped Cheibriados.
Cheibriados was exalted by your worship.
You visited 1 branch You collected 1281 gold pieces.

Inventory:

Armour
 a - a +0 robe (worn)
 b - a +0 kite shield (worn)
Jewellery
 m - a +3 ring of strength (left claw)
 n - a +3 ring of dexterity (right claw)
Scrolls
 k - 2 scrolls of amnesia
 o - 4 scrolls of enchant armour
 p - a scroll of fog
Potions
 c - a potion of might
 d - 4 potions of curing
 e - a potion of resistance
 f - a potion of haste
 g - 4 potions of magic
 h - a potion of berserk rage
 j - a potion of invisibility
 l - a potion of heal wounds


   Skills:
 + Level 10.7 Fighting
 + Level 10.6 Armour
 + Level 10.9 Dodging
 + Level 10.8 Shields
 + Level 12.6 Unarmed Combat
 + Level 10.7 Invocations


You had 10 spell levels left.
You didn't know any spells.
Your spell library was empty.

Dungeon Overview and Level Annotations

Branches:
Dungeon (1/1)

Altars:
Cheibriados
Dithmenos
Elyvilon
Fedhas
Gozag
Hepliaklqana
Kikubaaqudgha
Makhleb
Nemelex Xobeh
Okawaru
Qazlal
Ru
Sif Muna
Trog
Uskayaw
Vehumet
Wu Jian
Xom
Yredelemnul
Zin
The Shining One
Beogh
Jiyva
Lugonu

Shops:
D [


Innate Abilities, Weirdness & Mutations

You are too large for most types of armour.
You have claws for hands.
Your natural rate of healing is unusually fast.
You are covered in fur. (AC +1)
You have tough skin. (AC +1)


Message History

The orc knight roars a battlecry!
The orc knight barely misses you.
You mangle the orc knight!!
The orc knight is almost dead.
You claw the orc knight!
You kill the orc knight!
Cheibriados appreciates the change of pace.
You eviscerate the orc knight!!!
You kill the orc knight!
Cheibriados thoroughly appreciates the change of pace.
The orc knight hits you from afar with a +1 glaive!!
Okay, then.
You aren't carrying any items that you can evoke.
You warp the flow of time around you!
You mangle the orc knight!!
The orc knight is almost dead.
The orc knight no longer looks unusually strong.
You claw the orc knight!
You kill the orc knight!
Cheibriados thoroughly appreciates the change of pace.
You completely miss the orc knight.
The orc knight is moderately wounded.
The orc knight no longer looks unusually strong.
The orc knight hits you with a +0 long sword!
You scratch the orc knight but do no damage.
The orc knight is moderately wounded.
The orc knight roars a battlecry!
The orc knight goes into a battle-frenzy!
You barely miss the orc knight.
The orc knight is moderately wounded.
The orc knight roars a battlecry!
The orc knight goes into a battle-frenzy!
You mangle the orc knight!!
The orc knight is severely wounded.
The orc knight hits you with a +0 long sword!!
* * * LOW HITPOINT WARNING * * *
You scratch the orc knight.
The orc knight is severely wounded.
The orc knight hits you with a +0 long sword!!!
You die...

▓∩▓.▓†▓.▓[▓
▓$▓.▓.▓.▓.▓
▓)▓.▓.▓.▓)▓
▓$▓.▓.▓.▓.▓
▓$▓.▓.▓.▓.▓
▓$▓.▓'▓.▓'▓
▓o▓.▓†▓.▓_▓
▓o▓.▓.▓.▓_▓
▓@▓.▓.▓.▓_▓
▓.▓.▓.▓.▓_▓
▓.▓.▓.▓.▓_▓
▓.▓.▓.▓.▓_▓
▓.▓.▓.▓.▓_▓
▓)▓.▓÷▓.▓_▓
▓)▓.▓÷▓.▓_▓
▓)▓.▓†▓.▓_▓
▓)▓.▓.▓.▓_▓


You could see 2 orc knights.

Vanquished Creatures
  A boulder beetle (D)
  A catoblepas (D)
  A centaur warrior (D)
  5 death yaks (D)
  3 orc knights (D)
  An ugly thing (D)
  A black mamba (D)
  An elephant (D)
  2 cane toads (D)
  3 komodo dragons (D)
  2 polar bears (D)
  A hornet (D)
  A blink frog (D)
  A dream sheep (D)
  2 slime creatures (D)
  2 yaks (D)
  A wraith (D)
  A shadow (D)
  A wyvern (D)
  4 water moccasins (D)
  15 orc warriors (D)
  A black bear (D)
  A centaur (D)
  A bullfrog (D)
  A gnoll sergeant (D)
  A wight (D)
  6 orc priests (D)
  A jelly (D)
  4 orc wizards (D)
  A dart slug (D)
  4 orcs (D)
  An endoplasm (D)
  A jackal (D)
  A quokka (D)
  2 ball pythons (D)
  A quokka zombie (D)
  A rat (D)
78 creatures vanquished.

Notes
Turn   | Place    | Note
-------+----------+-------------------------------------------
     0 | D        | Zeldest the Troll Fighter began the quest for the Orb.
     0 | D        | Reached XP level 1. HP: 22/22 MP: 0/0
    11 | D        | Reached skill level 1 in Armour
    19 | D        | Noticed a centaur
    19 | D        | Noticed a jelly
    23 | D        | Reached XP level 2. HP: 29/29 MP: 1/1
    26 | D        | Reached skill level 3 in Unarmed Combat
    26 | D        | Reached XP level 3. HP: 34/37 MP: 2/2
    38 | D        | Killed a centaur
    39 | D        | Reached skill level 4 in Unarmed Combat
    39 | D        | Reached XP level 4. HP: 43/48 MP: 3/3
    44 | D        | Found a snail-covered altar of Cheibriados.
    44 | D        | Found a shadowy altar of Dithmenos.
    44 | D        | Found a white marble altar of Elyvilon.
    44 | D        | Found a blossoming altar of Fedhas.
    44 | D        | Found an opulent altar of Gozag.
    45 | D        | Found a hazy altar of Hepliaklqana.
    46 | D        | Found a viscous altar of Jiyva.
    47 | D        | Found an ancient bone altar of Kikubaaqudgha.
    48 | D        | Became a worshipper of Cheibriados the Contemplative
    49 | D        | Found a corrupted altar of Lugonu.
    50 | D        | Found a burning altar of Makhleb.
    51 | D        | Found a sparkling altar of Nemelex Xobeh.
    52 | D        | Found an iron altar of Okawaru.
    53 | D        | Found a stormy altar of Qazlal.
    54 | D        | Found a sacrificial altar of Ru.
    55 | D        | Found a shimmering blue altar of Sif Muna.
    56 | D        | Found a bloodstained altar of Trog.
    57 | D        | Found a hide-covered altar of Uskayaw.
    58 | D        | Found a radiant altar of Vehumet.
    59 | D        | Found an ornate altar of the Wu Jian Council.
    60 | D        | Found a shimmering altar of Xom.
    61 | D        | Found a basalt altar of Yredelemnul.
    62 | D        | Found a glowing silver altar of Zin.
    63 | D        | Found a glowing golden altar of the Shining One.
    89 | D        | Noticed an orc warrior
    89 | D        | Noticed a hornet
    89 | D        | Noticed a shadow
    89 | D        | Noticed a gnoll sergeant
    95 | D        | Killed a gnoll sergeant
    96 | D        | Reached skill level 5 in Unarmed Combat
    96 | D        | Reached skill level 1 in Invocations
    96 | D        | Reached XP level 5. HP: 36/55 MP: 3/5
   100 | D        | Reached skill level 5 in Dodging
   106 | D        | Killed a shadow
   106 | D        | Reached * piety under Cheibriados
   107 | D        | Reached skill level 5 in Fighting
   107 | D        | Reached skill level 5 in Shields
   107 | D        | Reached skill level 6 in Unarmed Combat
   107 | D        | Reached XP level 6. HP: 35/66 MP: 4/7
   118 | D        | Killed a hornet
   118 | D        | Reached ** piety under Cheibriados
   119 | D        | Reached skill level 5 in Armour
   119 | D        | Reached skill level 7 in Unarmed Combat
   119 | D        | Reached XP level 7. HP: 11/74 MP: 5/9
   119 | D        | HP: 3/74 [orc warrior (9)]
   131 | D        | Noticed a brown ugly thing
   131 | D        | Noticed a centaur warrior
   131 | D        | Noticed a slime creature
   131 | D        | Noticed a wraith
   131 | D        | Noticed a slime creature
   131 | D        | Noticed a boulder beetle
   134 | D        | Killed a slime creature
   134 | D        | Reached *** piety under Cheibriados
   136 | D        | Killed a wraith
   137 | D        | Reached skill level 5 in Invocations
   137 | D        | Killed a slime creature
   138 | D        | Reached skill level 8 in Unarmed Combat
   138 | D        | Reached XP level 8. HP: 58/84 MP: 8/11
   140 | D        | Killed a centaur warrior
   140 | D        | Reached **** piety under Cheibriados
   140 | D        | Killed a boulder beetle
   141 | D        | Reached skill level 9 in Unarmed Combat
   141 | D        | Reached XP level 9. HP: 28/96 MP: 9/13
   152 | D        | Killed a brown ugly thing
   251 | D        | Noticed a komodo dragon
   251 | D        | Noticed a cane toad
   251 | D        | Noticed a black mamba
   251 | D        | Noticed a komodo dragon
   254 | D        | Killed a komodo dragon
   254 | D        | Reached ***** piety under Cheibriados
   255 | D        | Noticed a komodo dragon
   256 | D        | Killed a black mamba
   258 | D        | Reached skill level 10 in Unarmed Combat
   260 | D        | Killed a cane toad
   262 | D        | Reached XP level 10. HP: 106/106 MP: 8/15
   267 | D        | Reached ****** piety under Cheibriados
   278 | D        | Noticed an elephant
   278 | D        | Noticed a cane toad
   285 | D        | Killed a cane toad
   294 | D        | Killed an elephant
   302 | D        | Reached skill level 11 in Unarmed Combat
   311 | D        | Noticed a death yak
   311 | D        | Noticed a death yak
   311 | D        | Noticed a death yak
   311 | D        | Noticed a catoblepas
   311 | D        | Noticed a death yak
   312 | D        | Noticed a death yak
   329 | D        | Killed a catoblepas
   343 | D        | Killed a death yak
   355 | D        | Reached XP level 11. HP: 62/117 MP: 10/17
   361 | D        | Killed a death yak
   362 | D        | Reached skill level 10 in Dodging
   367 | D        | Killed a death yak
   368 | D        | Reached skill level 10 in Fighting
   368 | D        | Reached skill level 10 in Shields
   377 | D        | Killed a death yak
   378 | D        | Reached skill level 10 in Armour
   378 | D        | Reached skill level 10 in Invocations
   422 | D        | Killed a death yak
   423 | D        | Reached skill level 12 in Unarmed Combat
   614 | D        | Found Uve Zuag's Antique Armour Boutique.
   614 | D        | Noticed an orc knight
   614 | D        | Noticed an orc knight
   614 | D        | Noticed an orc knight
   615 | D        | Noticed an orc knight
   620 | D        | Noticed an orc knight
   623 | D        | Killed an orc knight
   624 | D        | Killed an orc knight
   626 | D        | Killed an orc knight
   631 | D        | Mangled by an orc knight

Illustrated notes

Levels and vault maps discovered:
D:        linesprint [early_d, line_temple, items_1, d_10, items_2, lair_1,
          lair_end, items_3, orc_1, orc_end, items_4, d_15, swamp_1, shoals_1,
          snake_1, spider_1, d_20, vaults_1, items_5, swamp_end, shoals_end,
          snake_end, spider_end, vaults_end, d_27, items_6, zot_1, zot_end,
          crypt_end, forest_end, elf_end, slime_end, tomb_end, abyss_end,
          pan_hell_end]

Skill      XL: |  1  2  3  4  5  6  7  8  9 10 11 |
---------------+----------------------------------+-----
Armour         | 1 2 3 4 5 6 7 8 9 10 | 10.6
Fighting       | 3 4 5 6 7 8 9 10 | 10.7
Dodging        | 3 4 5 6 8 9 10 | 10.9
Shields        | 3 4 5 6 8 9 10 | 10.8
Unarmed Combat | 3 4 5 6 7 8 9 10 11 12 | 12.6
Invocations    | 1 3 4 5 7 8 9 10 | 10.7

Action                   |  1- 3 |  4- 6 |  7- 9 | 10-12 || total
-------------------------+-------+-------+-------+-------++-------
Melee: Unarmed           |    27 |    24 |    18 |   145 ||   214
Invok: Slouch            |       |       |     1 |     2 ||     3
       Step From Time    |       |       |       |     1 ||     1
       Temporal Distorti |       |       |       |     1 ||     1
Evoke: Wand              |       |     1 |     9 |       ||    10
  Use: Potion            |       |     3 |     4 |     2 ||     9
       Scroll            |       |       |     1 |     1 ||     2
 Stab: Distracted        |       |       |       |     1 ||     1
       Petrified         |       |       |       |     1 ||     1
Armor: Robe              |     6 |     5 |     2 |    10 ||    23
Dodge: Dodged            |    10 |     4 |     3 |    41 ||    58
Block: Kite shield       |    13 |    13 |    16 |    71 ||   113

Table legend: (Time is in decaauts)
 A = Elapsed time spent in this place.
 B = Non-inter-level travel time spent in this place.
 C = Inter-level travel time spent in this place.
 D = Time resting spent in this place.
 E = Time spent auto-exploring this place.
 F = Levels seen in this place.
 G = Mean time per level.
                   A        B        C        D        E       F      G
               +--------+--------+--------+--------+--------+-----+--------+
         Total |    877 |    877 |      0 |      0 |      0 |   1 |  877.0 |
       Dungeon |    877 |    877 |      0 |      0 |      0 |   1 |  877.0 |
               +--------+--------+--------+--------+--------+-----+--------+

Top non-repeatable levels by time:
       D: 877 daAuts
